 Dungeon Crawl Stone Soup version 0.28-a0-1292-gb4563b27b3 (webtiles) character file.

Game seed: 17725588940137998419

531993 ChaosChampion the Hoplite (level 25, -11/137 HPs)
             Began as a Vine Stalker Fighter on Dec 27, 2021.
             Was an Initiate of Uskayaw.
             Killed by divine providence
             ... invoked by a white draconian stormcaller
              (16 damage)
             ... on level 1 of the Realm of Zot.
             The game lasted 02:16:07 (51048 turns).

ChaosChampion the Hoplite (Vine Stalker Fighter)   Turns: 51048, Time: 02:16:08

Health: -11/137    AC: 38    Str: 27    XL:     25   Next: 67%
Magic:  0/36       EV: 14    Int: 15    God:    Uskayaw [......]
Gold:   4667       SH: 37    Dex: 26    Spells: 24/24 levels left

rFire   + + .      SeeInvis +   s - +9 quick blade "Effec" {vorpal, *Slow rElec rC+++ Stlth+}
rCold   + + +      Faith    .   y - +2 tower shield
rNeg    + + +      Spirit   +   G - +11 gold dragon scales of Dent {rPois rF+ rC+ Regen+ Str+2 Int+4}
rPois   +          Reflect  +   E - +2 helmet {SInv}
rElec   +          Harm     +   c - scarf {rC+ rF+}
rCorr   +          Rampage  .   D - +0 pair of gloves of Trial and Error {Harm rN+++ rCorr Str-4}
Will    +++++                   L - +2 pair of boots of Cheibriados's Fury {rPois rF+ Will+ Int+3}
Stlth   ..........              J - amulet "Ofyekhli" {Reflect rN+ Str+3 Dex+3 SH+5}
HPRegen 1.92/turn               l - ring of Zeluplewe {Ice Drain Will+++ SInv}
MPRegen 0.25/turn               k - +4 ring of slaying

@: corroded, constricted, studying 3 skills, invisible
A: fangs 3, regeneration 1, magic shield, antimagic bite, no potion heal 2,
large bone plates 1, thin skeletal structure 1, agile 1
}: 3/15 runes: serpentine, silver, gossamer
a: Renounce Religion


You were on level 1 of the Realm of Zot.
You worshipped Uskayaw.
Uskayaw was most pleased with you.
You visited 11 branches of the dungeon, and saw 46 of its levels.
You visited 1 bazaar.
You also visited: Sewer, Bailey, Gauntlet, Ice Cave and Volcano.

You collected 10229 gold pieces.
You spent 5562 gold pieces at shops.

Inventory:

Hand Weapons
 s - the +9 quick blade "Effec" (weapon) {vorpal, *Slow rElec rC+++ Stlth+}
   (You acquired it on level 9 of the Dungeon)

   It inflicts extra damage upon your enemies.
   rC:        It renders you almost immune to cold.
   rElec:     It insulates you from electricity.
   *Slow:     It may slow you when you take damage.
   Stlth:     It makes you more stealthy.
 B - the +9 dagger "Zoimaheg" {vorpal, +Blink rF+ Will+}
   (You bought it in a shop on level 4 of the Depths)

   It inflicts extra damage upon your enemies.
   rF:        It protects you from fire.
   +Blink:    It lets you blink.
   Will:      It increases your willpower.
 T - the +8 arbalest "Johiwkih" {elec, rElec rPois rC+ Str+3}
   (You found it on level 3 of the Elven Halls)

   Any ammunition fired from it occasionally discharges a powerful burst of
   electricity upon striking a foe.
   Str:       It affects your strength (+3).
   rC:        It protects you from cold.
   rElec:     It insulates you from electricity.
   rPois:     It protects you from poison.
Armour
 c - a scarf of resistance (worn)
 w - the +5 kite shield of the Evening Star {rElec rPois}
   (You found it on level 3 of the Depths)

   rElec:     It insulates you from electricity.
   rPois:     It protects you from poison.
 y - a +2 tower shield (worn)
 D - the +0 pair of gloves of Trial and Error (worn) {Harm rN+++ rCorr Str-4}
   (You found it on level 9 of the Dungeon)

   Str:       It affects your strength (-4).
   rN:        It renders you almost immune to negative energy.
   rCorr:     It protects you from acid and corrosion.
   Harm:      It increases damage dealt and taken.
 E - a +2 helmet of see invisible (worn)
 G - the +11 gold dragon scales of Dent (worn) {rPois rF+ rC+ Regen+ Str+2 Int+4}
   (You bought it in a shop on level 2 of the Snake Pit)

   Str:       It affects your strength (+2).
   Int:       It affects your intelligence (+4).
   rF:        It protects you from fire.
   rC:        It protects you from cold.
   rPois:     It protects you from poison.
   Regen:     It increases your rate of health regeneration.
 L - the +2 pair of boots of Cheibriados's Fury (worn) {rPois rF+ Will+ Int+3}
   (You found it in a Gauntlet)

   Int:       It affects your intelligence (+3).
   rF:        It protects you from fire.
   rPois:     It protects you from poison.
   Will:      It increases your willpower.
Jewellery
 b - a ring of protection from fire
 k - a +4 ring of slaying (right hand)
 l - the ring of Zeluplewe (left hand) {Ice Drain Will+++ SInv}
   (You bought it in a shop on level 2 of the Snake Pit)

   [ring of ice]

   It enhances your ice magic.
   rF:        It makes you vulnerable to fire.
   rC:        It protects you from cold.
   SInv:      It lets you see invisible.
   Drain:     It drains your maximum health when unequipped.
   Will:      It greatly increases your willpower.
 m - a ring of resist corrosion
 x - the ring of Kindness {Ice rN+}
   (You found it on level 2 of the Depths)

   [ring of ice]

   It enhances your ice magic.
   rF:        It makes you vulnerable to fire.
   rC:        It protects you from cold.
   rN:        It protects you from negative energy.
 J - the amulet "Ofyekhli" (around neck) {Reflect rN+ Str+3 Dex+3 SH+5}
   (You took it off a deep elf archer on level 3 of the Elven Halls)

   [amulet of reflection]

   It reflects blocked missile attacks.
   Str:       It affects your strength (+3).
   Dex:       It affects your dexterity (+3).
   rN:        It protects you from negative energy.
   SH:        It affects your SH (+5).
 M - a +4 ring of protection
 O - a ring of magical power
 P - an amulet of faith
 Q - a +4 ring of evasion
Wands
 o - a wand of iceblast (8)
Scrolls
 a - a scroll of brand weapon
 f - 18 scrolls of teleportation
 h - 4 scrolls of amnesia
 i - 7 scrolls of fear
 p - 11 scrolls of identify
 u - 6 scrolls of fog
 F - 4 scrolls of enchant weapon
 N - 2 scrolls of blinking
 V - 7 scrolls of magic mapping
 Y - 3 scrolls of holy word
Potions
 d - 12 potions of might
 e - 12 potions of mutation
 g - 10 potions of flight
 j - 4 potions of brilliance
 n - 18 potions of curing
 q - 6 potions of haste
 r - 3 potions of resistance
 t - 9 potions of ambrosia
 v - 6 potions of invisibility
 I - 8 potions of cancellation
 S - 4 potions of magic
 U - 4 potions of berserk rage


   Skills:
 - Level 16.0 Fighting
 - Level 16.0 Short Blades
 + Level 18.5 Armour
 - Level 16.0 Dodging
 + Level 22.2 Shields
 - Level 16.0 Invocations


You had 24 spell levels left.
You didn't know any spells.
Your spell library contained the following spells:

 Spells                   Type           Power      Damage    Failure   Level
 Foxfire                  Conj/Fire      0%         2x1d4     99%         1
 Freeze                   Ice            0%         1d3       99%         1
 Magic Dart               Conj           0%         1d3       99%         1
 Shock                    Conj/Air       0%         1d3       99%         1
 Sting                    Tmut/Pois      0%         1d3       99%         1
 Blink                    Tloc           0%         N/A       100%        2
 Call Imp                 Summ           0%         N/A       100%        2
 Ensorcelled Hibernation  Hex/Ice        0%         N/A       100%        2
 Passwall                 Tmut/Erth      0%         N/A       100%        2
 Poisonous Vapours        Pois/Air       0%         N/A       100%        2
 Scorch                   Fire           0%         2d5       100%        2
 Searing Ray              Conj           0%         2d4       100%        2
 Static Discharge         Conj/Air       0%         N/A       100%        2
 Sublimation of Blood     Necr           0%         N/A       100%        2
 Wereblood                Tmut           0%         N/A       100%        2
 Confusing Touch          Hex            0%         N/A       100%        3
 Conjure Flame            Conj/Fire      0%         6-21      100%        3
 Frozen Ramparts          Ice            0%         1d2       100%        3
 Gell's Gravitas          Tloc           0%         N/A       100%        3
 Ignite Poison            Fire/Tmut/Pois 0%         N/A       100%        3
 Inner Flame              Hex/Fire       0%         N/A       100%        3
 Lesser Beckoning         Tloc           0%         N/A       100%        3
 Mephitic Cloud           Conj/Pois/Air  0%         N/A       100%        3
 Portal Projectile        Hex/Tloc       0%         N/A       100%        3
 Spider Form              Tmut/Pois      0%         N/A       100%        3
 Stone Arrow              Conj/Erth      0%         3d7       100%        3
 Swiftness                Air            0%         N/A       100%        3
 Teleport Other           Tloc           0%         N/A       100%        3
 Tukima's Dance           Hex            0%         N/A       100%        3
 Airstrike                Air            0%         N/A       100%        4
 Animate Armour           Summ/Erth      0%         N/A       100%        4
 Cause Fear               Hex            0%         N/A       100%        4
 Flame Wave               Conj/Fire      0%         2d4       100%        4
 Fulminant Prism          Conj/Hex       0%         3d6       100%        4
 Hailstorm                Conj/Ice       0%         3d3       100%        4
 Ice Form                 Ice/Tmut       0%         N/A       100%        4
 Olgreb's Toxic Radiance  Pois           0%         N/A       100%        4
 Passage of Golubria      Tloc           0%         N/A       100%        4
 Petrify                  Tmut/Erth      0%         N/A       100%        4
 Sticky Flame             Conj/Fire      0%         2d3       100%        4
 Summon Ice Beast         Ice/Summ       0%         N/A       100%        4
 Alistair's Intoxication  Tmut/Pois      0%         N/A       100%        5
 Blade Hands              Tmut           0%         N/A       100%        5
 Borgnjor's Vile Clutch   Necr/Erth      0%         N/A       100%        5
 Excruciating Wounds      Necr           0%         N/A       100%        5
 Freezing Cloud           Conj/Ice/Air   0%         6-21      100%        5
 Irradiate                Conj/Tmut      0%         3d14      100%        5
 Iskenderun's Battlesphe  Conj           0%         2d6       100%        5
 Lee's Rapid Deconstruct  Erth           0%         3d5*      100%        5
 Manifold Assault         Tloc           0%         N/A       100%        5
 Metabolic Englaciation   Hex/Ice        0%         N/A       100%        5
 Summon Forest            Summ/Tloc      0%         N/A       100%        5
 Summon Mana Viper        Hex/Summ       0%         N/A       100%        5
 Yara's Violent Unravell  Hex/Tmut       0%         3d3       100%        5
 Conjure Ball Lightning   Conj/Air       0%         3x3d6     100%        6
 Dispersal                Tloc           0%         N/A       100%        6
 Eringya's Noxious Bog    Tmut/Pois      0%         N/A       100%        6
 Iron Shot                Conj/Erth      0%         9d1       100%        6
 Simulacrum               Ice/Necr       0%         N/A       100%        6
 Statue Form              Tmut/Erth      0%         N/A       100%        6
 Summon Cactus Giant      Summ           0%         N/A       100%        6
 Dragon Form              Tmut           0%         N/A       100%        7
 Enfeeble                 Hex            0%         N/A       100%        7
 Ozocubu's Refrigeration  Ice            0%         4d5       100%        7
 Spellforged Servitor     Conj/Summ      0%         N/A       100%        7
 Summon Hydra             Summ           0%         N/A       100%        7
 Ignition                 Fire           0%         3d3       100%        8
 Lehudib's Crystal Spear  Conj/Erth      0%         10d2      100%        8
 Dragon's Call            Summ           0%         N/A       100%        9


Dungeon Overview and Level Annotations

Branches:
Dungeon (15/15)            Temple (1/1) D:6            Lair (6/6) D:8
  Snake (4/4) Lair:3       Spider (4/4) Lair:2        Slime (0/5) Lair:6
    Orc (2/2) D:12            Elf (3/3) Orc:2        Vaults (5/5) D:13
  Crypt (1/3) Vaults:3     Depths (4/4) D:15            Zot (1/5) Depths:4
  Sewer (visited)          Bailey (visited)           IceCv (visited)
Volcano (visited)         Gauntlet (visited)

Altars:
Ashenzari
Cheibriados
Dithmenos
Elyvilon
Fedhas
Gozag
Hepliaklqana
Kikubaaqudgha
Makhleb
Nemelex Xobeh
Okawaru
Qazlal
Ru
Sif Muna
Trog
Uskayaw
Vehumet
Wu Jian
Xom
Yredelemnul
Zin
The Shining One
Jiyva

Shops:
Orc:2 !([**   Elf:1 *   Elf:2 [   Snake:2 =[(*   Snake:3 *   Vaults:1 [
Vaults:5 ![   Depths:4 (

Portals:
Hell: Depths:1 Depths:2 Depths:3 Depths:4
Abyss: Depths:2 Depths:3 Depths:4
Pandemonium: Depths:1 Depths:2 Depths:4
Ziggurat: Depths:4

Annotations:
D:15 3 runed translucent doors, Yckusk's ghost, journeyman HOFi


Innate Abilities, Weirdness & Mutations

You have razor-sharp teeth.
Your natural rate of healing is unusually fast.
When hurt, damage is shared between your health and your magic reserves.
Your bite disrupts and absorbs the magic of your enemies.
Potions cannot restore your health.
You are partially covered in large bone plates. (SH +4)
You have a somewhat thin skeletal structure. (Dex +2, Stealth+)
You are agile. (Dex +2)


Message History

You block the black draconian knight's attack.
You block the red draconian scorcher's attack.
The yellow draconian barely misses you.
The tentacled monstrosity tentacle-slaps you but does no damage. x2
The tentacled monstrosity tentacle-slaps you!
* * * LOW HITPOINT WARNING * * *
The tentacled monstrosity constricts you.
You block the white draconian's attack.
The white draconian stormcaller completely misses you.
The purple draconian shifter mumbles some strange words.
The purple draconian shifter blinks!
The green draconian hits you but does no damage.
The green draconian misses you.
The yellow draconian annihilator gestures wildly while chanting.
The yellow draconian annihilator blinks!
The death drake bites you but does no damage.
The yellow draconian annihilator hits you but does no damage.
You hear a roar!
Okay, then.
You fade into invisibility!
The red draconian scorcher seems to regain its courage.
You block the death drake's attack.
The tentacled monstrosity tentacle-slaps you!!
* * * LOW HITPOINT WARNING * * *
You block the tentacled monstrosity's attack. x2
The tentacled monstrosity constricts you.
The white draconian barely misses you.
The green draconian hits you with a +0 mace.
* * * LOW HITPOINT WARNING * * *
The green draconian closely misses you.
The purple draconian shifter casts a spell at you.
The purple draconian resists with almost no effort.
The red draconian scorcher breathes fire at you.
The searing blast misses you.
The searing blast hits the tentacled monstrosity!!
The tentacled monstrosity resists.
The white draconian stormcaller closely misses you.
The white draconian stormcaller mumbles some strange prayers to Qazlal against you.
Qazlal smites you!
You die...

#...# ..# .
#...##..# y. ..
#...#...###..
...##..........##.
#...#..........#..
......q...........
...q......d..#....
...d...§.kqq...D..
.....d..dd@dd.....
.......q.Xqq....q.
#####...§.d....##.
#....#..k.q.##
#d...#.....##
#......q..##
###..k..§.#
#....q.d#
..........[


You could see a tentacled monstrosity (berserk), a black draconian knight (fast,
invisible), a golden dragon, 3 draconians, a green draconian (berserk), 2
draconians, 2 draconians, 2 draconians, a purple draconian shifter, 2
draconians, 3 draconians, 4 draconians, a death drake (summoned, berserk), a
moth of wrath (fleeing), a rime drake (summoned) and a swamp drake (summoned,
fleeing).

Vanquished Creatures
  3 ancient liches
  An orb of fire (Depths:4)
  A juggernaut (Depths:3)
  Sojobo (Depths:3)
  Frederick (Depths:3)
  Margery (Depths:3)
  Saint Roka (Depths:4)
  5 golden dragons
  Jory (Depths:3)
  Arachne (Spider:2)
  2 tentacled monstrosities
  Jorgrun (D:13)
  Rupert (D:13)
  6 liches
  2 walking earthen tomes (Depths:3)
  7 titans
  3 deep elf blademasters
  A quicksilver dragon (Depths:4)
  2 deep elf master archers (Elf:3)
  Kirke (D:13)
  10 tengu reavers
  7 shadow dragons
  4 sphinxes
  Frances (D:13)
  2 storm dragons
  3 azure jellies (Depths:2)
  7 nagarajas
  3 rockslimes (Depths:2)
  5 ghost moths
  5 deep elf sorcerers
  9 fire giants
  An iron dragon (Depths:3)
  26 vault wardens
  A cacodemon (Depths:1)
  4 emperor scorpions (Spider:4)
  6 deep elf elementalists (Elf:3)
  A draconian scorcher (Depths:4)
  16 frost giants
  2 broodmothers
  2 draconian annihilators (Depths:4)
  A stone giant (shapeshifter) (Depths:3)
  5 spectral caustic shrikes (Depths:2)
  22 ironbound preservers
  12 stone giants
  4 war gargoyles
  18 very ugly things
  7 ironbound thunderhulks
  6 deep elf demonologists (Elf:3)
  2 vampire knights (Depths:3)
  A black draconian (Depths:4)
  3 green draconians (Depths:4)
  A bunyip (shapeshifter) (Vaults:2)
  18 dire elephants
  12 entropy weavers
  A yellow draconian (Depths:4)
  A minotaur (shapeshifter) (Vaults:5)
  3 red draconians (Depths:4)
  2 white draconians (Depths:4)
  6 deep elf annihilators
  A minotaur (Gauntlet)
  17 ettins
  8 spark wasps
  3 crystal guardians
  7 deep elf death magi
  Snorg (D:13)
  A fire dragon (shapeshifter) (Depths:2)
  A merfolk javelineer (Depths:2)
  8 fire dragons
  2 green deaths
  2 jiangshi (Depths:4)
  Josephine (D:11)
  3 deep elf high priests
  9 great orbs of eyes
  13 yaktaur captains
  A salamander tyrant (Snake:4)
  40 vault guards
  Harold (D:7)
  2 rakshasas (Depths:3)
  2 catoblepae (Lair:6)
  2 boulder beetles
  2 peacekeepers
  10 ice dragons
  3 jorogumos
  9 centaur warriors
  6 hydras
  2 ogre magi (Vaults:5)
  5 spriggan air magi
  14 naga warriors
  3 radroaches (Spider:4)
  7 anacondas
  7 ironbound frosthearts
  27 dancing weapons
  A death scarab (Spider:4)
  3 tengu warriors
  10 death yaks
  8 deep troll earth magi
  3 two-headed ogres
  5 deep troll shamans
  4 naga sharpshooters
  2 vampire magi
  Urug (D:13)
  4 orc high priests (Orc:2)
  Sonja (Lair:4)
  7 shock serpents
  8 spriggan berserkers
  14 hell knights
  15 deep elf knights
  4 sun moths
  2 fire crabs
  4 pharaoh ants
  3 sixfirhies (Gauntlet)
  2 iron trolls (Depths:2)
  A soul eater (Gauntlet)
  4 skeletal warriors (D:14)
  6 salamander mystics
  6 steelbarb worms
  56 deep trolls
  2 glowing orange brains
  11 orb spiders
  7 phantasmal warriors
  11 ironbound convokers
  21 deep elf archers
  6 naga ritualists
  26 wizards
  A tengu zombie (Vaults:1)
  5 harpies
  A swamp dragon (shapeshifter) (D:13)
  A harpy (shapeshifter) (Vaults:5)
  7 necromancers
  2 orc knights
  22 deep elf zephyrmancers
  25 wolf spiders
  4 mana vipers
  A lindwurm (shapeshifter) (Vaults:5)
  12 salamanders
  A sphinx skeleton (Vaults:1)
  41 ugly things
  28 deep elf pyromancers
  A mana viper (shapeshifter) (Depths:4)
  4 cyclopes
  2 shining eyes (Depths:2)
  3 orc sorcerers
  3 oklob plants
  A manticore (D:14)
  2 fire giant zombies (Vaults:3)
  5 toenail golems (Volcano)
  A guardian serpent (shapeshifter) (D:13)
  7 guardian serpents
  6 elephants
  7 moths of wrath
  33 black mambas
  18 vault sentinels
  A stone giant skeleton (Vaults:3)
  A smoke demon (Depths:1)
  2 orange demons (Gauntlet)
  2 ice statues
  6 torpor snails
  6 naga magi
  23 cane toads
  A komodo dragon (shapeshifter) (Vaults:5)
  3 unseen horrors
  8 rime drakes
  A kobold demonologist (D:9)
  A minotaur zombie (Gauntlet)
  A yaktaur zombie (Vaults:3)
  11 komodo dragons
  2 demonic crawlers
  3 ice devils
  21 yaktaurs
  A hellwing (Depths:1)
  2 tengu conjurers
  A troll (shapeshifter) (Depths:3)
  5 trolls
  2 burning bushes (Lair:1)
  7 polar bears
  37 tarantellas
  A wind drake (shapeshifter) (Vaults:5)
  4 tyrant leeches (Lair:6)
  Prince Ribbit (D:6)
  16 meliai
  A tengu simulacrum (Vaults:2)
  An ettin zombie (Vaults:2)
  32 slime creatures
  31 blink frogs
  2 blink frogs (shapeshifter)
  Grinder (D:4)
  19 hornets
  6 dream sheep
  39 jumping spiders
  A dream sheep (shapeshifter) (Vaults:5)
  14 culicivoras
  A stone giant simulacrum (Vaults:3)
  Sigmund (D:4)
  7 spriggans
  An air elemental (Elf:3)
  A ynoxinul (Depths:1)
  An ettin skeleton (Vaults:1)
  4 water elementals
  4 fire bats (Gauntlet)
  7 basilisks
  7 wyverns
  16 humans (D:13)
  6 wraiths
  Eustachio (D:6)
  3 chaos spawn (Depths:4)
  63 yaks
  2 human simulacra
  5 fire elementals
  87 redbacks
  Menkaure (D:7)
  25 vampire mosquitoes
  28 nagas
  An acid dragon (D:9)
  A floating eye (Depths:2)
  36 water moccasins
  37 orc warriors
  2 sky beasts (D:6)
  4 ice beasts
  A black bear (D:5)
  13 ogres
  2 boggarts
  24 wolves
  8 centaurs
  A phantom (D:5)
  2 human skeletons
  6 kobold brigands
  4 scorpions
  19 bullfrogs
  4 gnoll sergeants
  An earth elemental (Elf:1)
  2 water moccasin zombies (D:6)
  A wyvern skeleton (D:7)
  A wight (D:9)
  19 killer bees
  8 electric eels
  6 lava snakes (Lair:2)
  4 crimson imps (Depths:3)
  2 howler monkeys (D:9)
  3 centaur zombies
  2 centaur skeletons
  4 jellies
  27 orc priests
  A bullfrog skeleton (D:6)
  3 hounds
  Terence (D:2)
  4 iguanas
  25 orc wizards
  A killer bee zombie (D:9)
  A hound skeleton (D:4)
  A howler monkey zombie (D:9)
  14 gnolls
  7 adders
  A howler monkey skeleton (D:4)
  3 shadow imps (Gauntlet)
  2 white imps
  2 ufetubi
  3 worms
  2 dart slugs
  65 orcs
  10 ball pythons
  5 endoplasms
  2 giant cockroaches
  5 hobgoblins
  8 jackals
  8 quokkas
  8 bats
  6 frilled lizards
  8 goblins
  24 kobolds
  8 rats
  A bush (Lair:6)
2066 creatures vanquished.

Vanquished Creatures (others)
  A deep elf death mage (Elf:3)
  A naga sharpshooter (Snake:4)
  3 deep elf knights
  A sun moth (Spider:4)
  A deep elf pyromancer (Elf:2)
  A tengu conjurer (D:13)
  2 tarantellas (Spider:1)
  2 jumping spiders (Spider:2)
  A water elemental (D:11)
  3 humans (D:13)
  An orc wizard (Orc:2)
  16 fungi
  92 plants
125 creatures vanquished.

Grand Total: 2191 creatures vanquished

Notes
Turn   | Place    | Note
-------+----------+-------------------------------------------
     0 | D:1      | ChaosChampion the Vine Stalker Fighter began the quest for
                  | the Orb.
     0 | D:1      | Reached XP level 1. HP: 11/11 MP: 2/2
   231 | D:1      | Reached XP level 2. HP: 16/16 MP: 3/3
   880 | D:2      | Noticed Terence
  1027 | D:2      | Reached XP level 3. HP: 20/20 MP: 4/4
  1042 | D:2      | Killed Terence
  1043 | D:2      | Reached skill level 3 in Shields
  1136 | D:2      | Found a white marble altar of Elyvilon.
  1228 | D:2      | Gained mutation: Your natural rate of healing is unusually
                  | fast. [Vine Stalker growth]
  1228 | D:2      | Reached XP level 4. HP: 23/24 MP: 5/5
  1949 | D:3      | Found a faded altar of an unknown god.
  2066 | D:3      | Reached XP level 5. HP: 28/28 MP: 6/6
  2294 | D:3      | Reached skill level 1 in Dodging
  2779 | D:4      | Noticed Sigmund
  2806 | D:4      | Killed Sigmund
  2807 | D:4      | Reached XP level 6. HP: 32/33 MP: 7/7
  3009 | D:4      | Noticed Grinder
  3024 | D:4      | Killed Grinder
  3025 | D:4      | Reached XP level 7. HP: 29/37 MP: 6/8
  3405 | D:5      | Entered Level 5 of the Dungeon
  3462 | D:5      | Reached skill level 4 in Shields
  3584 | D:5      | Gained mutation: You have razor-sharp teeth. [Vine Stalker
                  | growth]
  3584 | D:5      | Reached XP level 8. HP: 42/42 MP: 9/9
  3606 | D:5      | Identified a scroll of acquirement
  3606 | D:5      | Acquired 650 gold pieces
  3721 | D:5      | Reached skill level 5 in Short Blades
  3901 | D:5      | HP: 2/42 [gnoll sergeant (8)]
  4095 | D:6      | Found a glowing drain.
  4099 | Sewer    | Entered a sewer
  4128 | Sewer    | Reached skill level 5 in Fighting
  4507 | D:6      | Reached XP level 9. HP: 47/47 MP: 10/10
  4525 | D:6      | Noticed Prince Ribbit
  4534 | D:6      | Killed Prince Ribbit
  4535 | D:6      | Reached skill level 5 in Shields
  4699 | D:6      | Got Sif Muna's Guide on the Floating Rocks
  4887 | D:6      | Found a staircase to the Ecumenical Temple.
  4901 | D:6      | Noticed Eustachio
  4901 | D:6      | You fall into a shaft and drop 2 floors!
  4985 | D:7      | Reached skill level 5 in Armour
  5107 | D:7      | Noticed Harold
  5130 | D:7      | Killed Harold
  5131 | D:7      | Reached XP level 10. HP: 22/53 MP: 7/11
  5222 | Temple   | Entered the Ecumenical Temple
  5621 | Temple   | Became a worshipper of Uskayaw the Reveller
  5657 | D:6      | Reached * piety under Uskayaw
  5665 | D:6      | Reached ** piety under Uskayaw
  5779 | D:6      | Killed Eustachio
  5780 | D:6      | Reached skill level 1 in Invocations
  5971 | D:7      | Reached *** piety under Uskayaw
  5973 | D:7      | Reached **** piety under Uskayaw
  6073 | D:7      | Noticed Menkaure
  6085 | D:7      | Killed Menkaure
  6099 | D:7      | Reached skill level 6 in Shields
  6562 | D:8      | Found a staircase to the Lair.
  6601 | D:8      | Reached ***** piety under Uskayaw
  6943 | D:8      | Reached skill level 5 in Dodging
  6951 | D:8      | Reached ****** piety under Uskayaw
  7407 | D:9      | Noticed a kobold demonologist
  7579 | D:9      | Reached XP level 11. HP: 56/58 MP: 13/15
  7586 | D:9      | Found a flagged portal.
  7666 | D:9      | Got the Catalogue of Ashen Intoxication
  7695 | D:9      | Reached skill level 5 in Invocations
  7716 | Bailey   | Entered a bailey
  8131 | Bailey   | Noticed an orc knight
  8148 | Bailey   | HP: 1/58 [orc warrior (14)]
  8348 | Bailey   | Killed an orc knight
  8674 | D:9      | Reached skill level 7 in Shields
  8674 | D:9      | Noticed a two-headed ogre
  8715 | D:9      | Killed a two-headed ogre
  8841 | D:9      | Acquired the +9 quick blade "Effec" {vorpal, *Slow rElec
                  | rC+++ Stlth+}
  8896 | D:9      | Identified the +7 mace "Laozxuol" {vorpal, Will- MP+9
                  | Dex+5}
  8896 | D:9      | Noticed a centaur warrior
  8910 | D:9      | Killed a centaur warrior
  9128 | D:9      | Noticed a cyclops
  9138 | D:9      | Killed a cyclops
  9285 | D:9      | Identified the +0 pair of gloves of Trial and Error {Harm
                  | rN+++ rCorr Str-4}
  9317 | D:9      | Identified the +1 leather armour "Myen" {rF+ Will- Str+7
                  | Dex+3}
  9825 | D:9      | Reached XP level 12. HP: 63/63 MP: 18/18
  9897 | D:10     | Entered Level 10 of the Dungeon
 10160 | D:10     | Found a glowing golden altar of the Shining One.
 10685 | D:11     | Noticed Josephine
 10712 | D:11     | Killed Josephine
 10761 | D:11     | Found a flickering gateway to a bazaar.
 10773 | Bazaar   | Entered a bazaar
 10795 | Bazaar   | Found Vopt's Antique Weapon Emporium.
 10803 | Bazaar   | Found Gegirot's Jewellery Boutique.
 10811 | Bazaar   | Bought an amulet of reflection for 390 gold pieces
 10849 | Bazaar   | Found Jikuwem's Weapon Shoppe.
 10857 | Bazaar   | Found Beom Zom's Jewellery Shop.
 10936 | D:11     | Found a gate leading to a gauntlet.
 10945 | Gauntlet | Entered a Gauntlet
 10945 | Gauntlet | Found a transporter.
 10956 | Gauntlet | Found a transporter.
 10956 | Gauntlet | Found a transporter.
 10957 | Gauntlet | Found a transporter.
 10964 | Gauntlet | Found a runed translucent door.
 10967 | Gauntlet | Found a transporter.
 10968 | Gauntlet | Found a transporter.
 10969 | Gauntlet | Found a transporter.
 10971 | Gauntlet | Noticed a soul eater
 10978 | Gauntlet | Found a transporter.
 10980 | Gauntlet | Found a transporter.
 10981 | Gauntlet | Found a transporter.
 10992 | Gauntlet | Found a transporter.
 10993 | Gauntlet | Found a transporter.
 10995 | Gauntlet | Noticed a green death
 10997 | Gauntlet | Found a runed translucent door.
 10999 | Gauntlet | Found a runed translucent door.
 11001 | Gauntlet | Found a transporter.
 11026 | Gauntlet | Found a transporter.
 11382 | Gauntlet | Killed a soul eater
 11383 | Gauntlet | Reached skill level 8 in Shields
 11389 | Gauntlet | Identified the +2 pair of boots of Cheibriados's Fury
                  | {rPois rF+ Will+ Int+3}
 11454 | Gauntlet | Killed a green death
 11461 | Gauntlet | Reached XP level 13. HP: 63/69 MP: 20/20
 11517 | Gauntlet | Identified the +6 chain mail of Asceticism {rC+ Regen+
                  | Str-5 Int+2}
 11517 | Gauntlet | Noticed a minotaur
 11538 | Gauntlet | Killed a minotaur
 12242 | D:11     | Found an ornate altar of the Wu Jian Council.
 12591 | D:12     | Found a staircase to the Orcish Mines.
 13174 | D:13     | Noticed Rupert
 13174 | D:13     | Noticed Urug
 13174 | D:13     | Found a gate to the Vaults.
 13300 | D:13     | Noticed Kirke
 13323 | D:13     | Noticed a sphinx
 13332 | D:13     | Killed Kirke
 13423 | D:13     | Killed Rupert
 13424 | D:13     | Reached skill level 10 in Short Blades
 13571 | D:13     | Reached skill level 10 in Invocations
 13693 | D:13     | Noticed Jorgrun
 13711 | D:13     | Killed Jorgrun
 13712 | D:13     | Reached skill level 9 in Shields
 13746 | D:13     | Noticed Frances
 13757 | D:13     | Killed Frances
 13806 | D:13     | Killed Urug
 13881 | D:13     | Reached XP level 14. HP: 75/75 MP: 23/23
 13898 | D:13     | Noticed Snorg
 13914 | D:13     | Killed Snorg
 14138 | D:13     | Gained mutation: You occasionally shout uncontrollably at
                  | your foes. [potion of mutation]
 14139 | D:13     | Lost mutation: You occasionally shout uncontrollably at
                  | your foes. [potion of mutation]
 14139 | D:13     | Gained mutation: You have a somewhat thin skeletal
                  | structure. (Dex +2, Stealth+) [potion of mutation]
 14139 | D:13     | Gained mutation: You are partially covered in large bone
                  | plates. (SH +4) [potion of mutation]
 14139 | D:13     | Gained mutation: You are agile. (Dex +2) [potion of
                  | mutation]
 14981 | D:14     | Found a blossoming altar of Fedhas.
 15275 | D:15     | Entered Level 15 of the Dungeon
 15405 | D:15     | Found a runed translucent gate.
 15405 | D:15     | Found a runed translucent gate.
 15405 | D:15     | Found a runed translucent gate.
 15409 | D:15     | Noticed Yckusk's ghost (journeyman HOFi)
 15462 | D:15     | Found a staircase to the Depths.
 15463 | D:15     | Noticed a stone giant
 15767 | D:15     | Killed a stone giant
 15906 | D:15     | Found a snail-covered altar of Cheibriados.
 16271 | D:15     | Found the +14 obsidian axe {vorpal, Mesm Drain Fly SInv}
 16834 | Lair:1   | Entered Level 1 of the Lair of Beasts
 16845 | Lair:1   | Reached skill level 10 in Fighting
 17254 | Lair:1   | You fall into a shaft and drop 1 floor!
 17457 | Lair:2   | Found a hole to the Spider Nest.
 17498 | Lair:2   | Reached skill level 10 in Shields
 17616 | Lair:2   | Found a dark tunnel.
 17624 | Volcano  | Entered a volcano
 17702 | Volcano  | Reached XP level 15. HP: 79/81 MP: 25/25
 17905 | Lair:2   | Acquired a manual of Shields
 18608 | Lair:3   | Found a staircase to the Snake Pit.
 18870 | Lair:3   | Reached skill level 11 in Shields
 19882 | Lair:4   | Noticed Sonja
 19896 | Lair:4   | Killed Sonja
 20362 | Lair:5   | Reached skill level 12 in Shields
 20843 | Lair:6   | Entered Level 6 of the Lair of Beasts
 20863 | Lair:6   | Reached skill level 10 in Armour
 20929 | Lair:6   | Acquired 603 gold pieces
 21096 | Lair:6   | Reached skill level 13 in Shields
 21096 | Lair:6   | Reached XP level 16. HP: 87/87 MP: 26/26
 21096 | Lair:6   | Found a frozen archway.
 21178 | IceCv    | Entered an ice cave
 22383 | Lair:6   | Reached skill level 14 in Shields
 22590 | Lair:6   | Reached skill level 10 in Dodging
 22833 | Lair:6   | Found a staircase to the Slime Pits.
 23574 | Orc:1    | Entered Level 1 of the Orcish Mines
 23677 | Orc:2    | Entered Level 2 of the Orcish Mines
 23683 | Orc:2    | Found Gujusy's Distillery.
 23734 | Orc:2    | Found a staircase to the Elven Halls.
 23938 | Orc:2    | Found Tapna's Assorted Antiques.
 23938 | Orc:2    | Found Basinwen's Antique Armour Boutique.
 23941 | Orc:2    | Found Gechil Zaqe's Antique Weapon Boutique.
 23943 | Orc:2    | Found Canwa's Assorted Antiques.
 23946 | Orc:2    | Bought a runed bone ring for 145 gold pieces
 23946 | Orc:2    | Bought a scroll of enchant weapon for 217 gold pieces
 23947 | Orc:2    | Bought a shiny helmet for 142 gold pieces
 23981 | Orc:2    | Bought an opal ring for 185 gold pieces
 25113 | Snake:1  | Entered Level 1 of the Snake Pit
 25188 | Snake:1  | Reached skill level 15 in Shields
 25966 | Snake:1  | Reached XP level 17. HP: 93/93 MP: 27/27
 26069 | Snake:2  | Found Fiskuch's Assorted Antiques.
 26395 | Snake:2  | Found Weddooc's Jewellery Shop.
 26397 | Snake:2  | Found Botus's Antique Armour Boutique.
 26399 | Snake:2  | Found Ischics's Weapon Shop.
 26984 | Snake:2  | Bought slimy gold dragon scales for 2805 gold pieces
 26984 | Snake:2  | Identified the +11 gold dragon scales of Dent {rPois rF+
                  | rC+ Regen+ Str+2 Int+4} (You bought it in a shop on level 2
                  | of the Snake Pit)
 27752 | Snake:3  | Identified the +7 quarterstaff "Oviethet" {vorpal, Contam
                  | rElec rF++ rC+}
 27808 | Snake:3  | Found Mausha Morao's Overcharged Wands.
 28188 | Snake:4  | Entered Level 4 of the Snake Pit
 28595 | Snake:4  | Reached skill level 16 in Shields
 28877 | Snake:4  | Got a serpentine rune of Zot
 29096 | Snake:4  | Reached XP level 18. HP: 65/99 MP: 28/28
 29663 | Spider:1 | Entered Level 1 of the Spider Nest
 30409 | Spider:2 | Noticed Arachne
 30422 | Spider:2 | Killed Arachne
 32686 | Spider:4 | Entered Level 4 of the Spider Nest
 33236 | Spider:4 | Reached XP level 19. HP: 81/104 MP: 30/30
 33264 | Spider:3 | Acquired 1196 gold pieces
 33512 | Snake:2  | Bought the ring of Zeluplewe {Ice Drain Will+++ SInv} for
                  | 543 gold pieces
 34275 | Spider:4 | Reached skill level 17 in Shields
 34580 | Spider:4 | Got a gossamer rune of Zot
 35345 | Elf:1    | Entered Level 1 of the Elven Halls
 35438 | Elf:1    | Found Opit's Assorted Antiques.
 35455 | Elf:1    | Bought a scroll of fear for 87 gold pieces
 35455 | Elf:1    | Bought a scroll of blinking for 187 gold pieces
 35455 | Elf:1    | Bought a potion of haste for 250 gold pieces
 36358 | Elf:2    | Found Siuwemn's Antique Armour Boutique.
 36636 | Elf:2    | Found a runed translucent gate.
 36636 | Elf:2    | Found a runed translucent gate.
 36636 | Elf:2    | Found a runed translucent gate.
 36869 | Elf:2    | Reached XP level 20. HP: 111/111 MP: 31/31
 37506 | Vaults:1 | Entered Level 1 of the Vaults
 38029 | Vaults:1 | Found Xebrutic's Armour Boutique.
 38397 | Vaults:1 | Reached skill level 15 in Invocations
 38881 | Vaults:2 | Reached XP level 21. HP: 116/116 MP: 33/33
 39879 | Vaults:3 | Found a staircase to the Crypt.
 39879 | Vaults:3 | Found an ancient bone altar of Kikubaaqudgha.
 39879 | Vaults:3 | Found a basalt altar of Yredelemnul.
 39995 | Vaults:3 | Reached skill level 18 in Shields
 40347 | Vaults:3 | Reached skill level 15 in Fighting
 40475 | Vaults:3 | Identified the +1 robe of Defence {rN+}
 41477 | Vaults:4 | Reached XP level 22. HP: 122/122 MP: 34/34
 41561 | Vaults:4 | Reached skill level 15 in Short Blades
 42215 | Vaults:4 | Acquired 1025 gold pieces
 42337 | Crypt:1  | Entered Level 1 of the Crypt
 42497 | Depths:1 | Entered Level 1 of the Depths
 42845 | Depths:1 | Noticed an ancient lich
 42862 | Depths:1 | Killed an ancient lich
 42997 | Depths:1 | Found a gateway to Hell.
 43153 | Depths:1 | Found a one-way gate leading to the halls of Pandemonium.
 43568 | Depths:2 | Found a one-way gate to the infinite horrors of the Abyss.
 43851 | Depths:2 | Found a transporter.
 43858 | Depths:2 | Found a viscous altar of Jiyva.
 44059 | Depths:2 | Paralysed by a floating eye for 3 turns
 44339 | Depths:2 | Found a transporter.
 44491 | Depths:2 | Reached skill level 19 in Shields
 44553 | Depths:2 | Reached XP level 23. HP: 114/128 MP: 31/36
 44567 | Depths:2 | Identified the ring of Kindness {Ice rN+}
 44651 | Depths:3 | Noticed Margery
 44677 | Depths:3 | Killed Margery
 44797 | Depths:3 | Reached skill level 15 in Armour
 44886 | Depths:3 | Identified the +5 kite shield of the Evening Star {rElec
                  | rPois}
 44922 | Depths:3 | Noticed a golden dragon
 44981 | Depths:3 | Noticed Frederick
 45019 | Depths:3 | Killed Frederick
 45020 | Depths:3 | Reached skill level 15 in Dodging
 45230 | Depths:3 | Noticed a golden dragon
 45231 | Depths:3 | Noticed a juggernaut
 45246 | Depths:3 | Killed a golden dragon
 45256 | Depths:3 | Killed a juggernaut
 45283 | Depths:3 | Identified the +6 plate armour "Ycirur" {rF+++ rCorr MP-9
                  | Dex-3}
 45341 | Depths:3 | Noticed Jory
 45353 | Depths:3 | Killed Jory
 45445 | Depths:3 | Found a shimmering altar of Xom.
 45455 | Depths:3 | Noticed Sojobo
 45457 | Depths:3 | Identified the +2 steam dragon scales "Waplio" {+Blink Fly
                  | rF- rCorr}
 45458 | Depths:3 | Paralysed by an air elemental for 1 turns
 45484 | Depths:3 | Paralysed by an air elemental for 1 turns
 45491 | Depths:3 | Paralysed by an air elemental for 1 turns
 45613 | Depths:3 | Killed Sojobo
 45935 | Depths:4 | Entered Level 4 of the Depths
 45935 | Depths:4 | Found Cocy's Antique Weapon Shoppe.
 45939 | Depths:4 | Bought a jewelled dagger for 259 gold pieces
 45939 | Depths:4 | Identified the +9 dagger "Zoimaheg" {vorpal, +Blink rF+
                  | Will+} (You bought it in a shop on level 4 of the Depths)
 46274 | Depths:4 | Found a gate to the Realm of Zot.
 46274 | Depths:4 | Noticed a golden dragon
 46274 | Depths:4 | Noticed a golden dragon
 46274 | Depths:4 | Noticed a golden dragon
 46285 | Depths:4 | Killed a golden dragon
 46286 | Depths:4 | Reached XP level 24. HP: 126/133 MP: 36/36
 46293 | Depths:4 | Reached skill level 20 in Shields
 46369 | Depths:4 | Identified the +2 scale mail of Egalitarianism {rN+ Regen+
                  | Str+4}
 46375 | Depths:4 | Noticed Saint Roka
 46600 | Depths:4 | Killed Saint Roka
 46608 | Depths:4 | Found a one-way gateway to a ziggurat.
 47491 | Elf:3    | Entered Level 3 of the Elven Halls
 47545 | Elf:3    | Identified the +11 dagger of the Foremost Deaths {venom,
                  | rN+ Will+++ rCorr Str-2}
 48095 | Elf:3    | Identified the amulet "Ofyekhli" {Reflect rN+ Str+3 Dex+3
                  | SH+5}
 48421 | Elf:3    | Identified the +4 double sword "Raisin" {distort, +Blink
                  | Dex+2}
 48790 | Elf:3    | Got the Reference Book on the Birds
 48795 | Elf:3    | Identified the +8 arbalest "Johiwkih" {elec, rElec rPois
                  | rC+ Str+3}
 49167 | Vaults:5 | Entered Level 5 of the Vaults
 49182 | Vaults:5 | Reached skill level 21 in Shields
 49278 | Vaults:5 | Reached XP level 25. HP: 130/137 MP: 36/36
 49379 | Vaults:5 | Found the +8 demon blade "Leech" {vamp, Harm Drain rN+}
 49386 | Vaults:5 | Got a silver rune of Zot
 49502 | Vaults:5 | Found the +8 mithril axe "Arga" {speed, Will+}
 49786 | Vaults:5 | Noticed an ancient lich
 49807 | Vaults:5 | Killed an ancient lich
 50018 | Vaults:5 | Found Umuynwag's Distillery.
 50018 | Vaults:5 | Noticed an ancient lich
 50045 | Vaults:5 | Killed an ancient lich
 50065 | Vaults:5 | Reached skill level 22 in Shields
 50073 | Vaults:5 | Bought a potion of curing for 48 gold pieces
 50073 | Vaults:5 | Bought a potion of magic for 128 gold pieces
 50073 | Vaults:5 | Bought a potion of mutation for 128 gold pieces
 50073 | Vaults:5 | Bought a potion of curing for 48 gold pieces
 50228 | Vaults:5 | Found Raekovez's Antique Armour Shoppe.
 50809 | Zot:1    | Entered Level 1 of the Realm of Zot
 50809 | Zot:1    | Noticed an orb of fire
 50828 | Depths:4 | Killed an orb of fire
 51048 | Zot:1    | HP: 6/137 [tentacled monstrosity (18)]
 51048 | Zot:1    | Killed from afar by a white draconian stormcaller

Illustrated notes

Levels and vault maps discovered:
D:1:      dpeg_arrival_simpleton_b, layout_loops_ring
D:2:      layout_basic, basic_altar, nicolae_concentric_dashed_squares_mild,
          grunt_ministairs_12, minmay_split_cup_large, uniq_terence
D:3:      layout_basic, shapermc_ecumenical_altar_mp_ritualfount,
          chequers_serial_rivers_room_a
D:4:      layout_loops_ring, grunt_ministairs_11, dk_noncrumbling_2,
          uniq_grinder, uniq_sigmund
D:5:      layout_cave_pools
D:6:      layout_cave_pools, minmay_temple_entry_large_hall,
          gup_sewer_entry_spiral, corexii_hall_statues_l, st_stairs_4,
          uniq_prince_ribbit1, uniq_eustachio
D:7:      layout_loops_cross, uniq_menkaure, uniq_harold
D:8:      layout_cave_pods, david_lair_shrubbed
D:9:      minmay_the_grid_3x3 [minmay_the_grid_zigzag_pyramid,
          minmay_the_grid_expand, minmay_the_grid_gridbox,
          minmay_the_grid_spin_star, minmay_the_grid_x, minmay_the_grid_slots,
          minmay_the_grid_fan, minmay_the_grid_minigrid_small_alt,
          minmay_the_grid_prize_trominoes], layout_layer_cave, enter_bailey_3,
          roderic_cross_of_infinity, hangedman_minor_gate_pass
D:10:     layout_loops_cross, tso_oasis_becter
D:11:     layout_basic, serial_shops, freezing_bzr, gauntlet_entry_generic,
          nzn_wu_jian_council_hall, uniq_josephine
D:12:     layout_loops_ring, orc_0_dummy, special_room [special_room_orc]
D:13:     layout_gridville, david_vaults_3, uniq_snorg, uniq_kirke,
          uniq_jorgrun, uniq_frances
D:14:     layout_irregular_city, lemuel_doored_altar
D:15:     grunt_enter_depths_giant_problem, layout_stronghold,
          gammafunk_ghost_split, minmay_misc_feat_encased, cheibriados_altar_1
Temple:   mainiacjoe_temple_trianglar_array
Lair:1:   layout_roguey, evilmike_ambush [evilmike_ambush_outer_basic,
          evilmike_ambush_inner_pond]
Lair:2:   layout_gridlike, nicolae_spider_entry_tight_spaces, enter_volcano_2,
          nicolae_lair_liquid_snakes, infiniplex_staircase_pool_2
Lair:3:   layout_loops_ring, minmay_snake_entry_six_corridors,
          infiniplex_staircase_pool
Lair:4:   layout_small_grid, lemuel_fruit_tree, grunt_megastairs_1, uniq_sonja
Lair:5:   layout_long_grid, hangedman_lair_generics_rect, grunt_megastairs_4,
          lemuel_fruit_fields
Lair:6:   minmay_lair_end_frog_pond, layout_regular_city,
          minmay_slime_entry_pillars, portal_ice_cave_entry_pillars_1,
          minmay_lair_oklob_items, minmay_hedge_maze
Snake:1:  layout_cave_pods, st_stairs_1, nicolae_snake_gridmaze_entwining
Snake:2:  layout_grid_maze, serial_shops, nicolae_stop_n_shop_2,
          nicolae_elevator_lobby_plus, minmay_shop_star
Snake:3:  layout_gridlike, nicolae_snake_gridmaze_tees,
          nicolae_shop_overcharged_wands
Snake:4:  johnstein_snake_rune_scales, layout_cave_town, drop_trap
Spider:1: layout_spider_delve, guppyfry_spider_mini_1
Spider:2: layout_chambers, lemuel_hornet_nest, uniq_arachne
Spider:3: layout_spider_delve
Spider:4: spider_rune_water
Orc:1:    layout_caves
Orc:2:    st_orc_mages, layout_caves, serial_shops, shop,
          hellmonk_bongcloud_opening, mines3_lemuel
Elf:1:    nicolae_elf_arrival_fired_up, layout_gridlike, serial_shops, shop,
          hangedman_elf_disciples, minmay_misc_feat_diagonals
Elf:2:    elven_hall_of_blades_hangedman_original
          [nicolae_blade_entry_sentries_behind_glass], layout_loops_ring,
          nicolae_take_the_stairs, minmay_misc_feat_five,
          small_statue_intersection, palyth_stone_intersect
Elf:3:    grunt_elf_hall_asides, layout_geoelf_grid
Vaults:1: v_pattern_1, nicolae_vaults_diagonal_hallway_7,
          ontoclasm_vaults_misaligned, vaults_dpeg_cross,
          hangedman_vaults_corner_blocks, vaults_room_mumra_shop_pool,
          vaults_room_large_hall, v_misc_23, dpeg_vaults_monster_box,
          nicolae_vaults_ring_of_whatevers, layout_vaults_big_room
Vaults:2: nicolae_vaults_know_your_exits, ontoclasm_vaults_loading_screen,
          v_misc_24, ontoclasm_vaults_chip, vaults_mumra_minichess, v_misc_15,
          layout_vaults_omnigrid
Vaults:3: minmay_crypt_entry_necro_gods, vaults_dpeg_diagonal, v_misc_13,
          nicolae_vaults_meeting, nicolae_vaults_circle_grid_b,
          nicolae_vaults_diagonal_hallway_8, hangedman_vaults_trim,
          nicolae_vaults_ninety_degrees, vaults_room_stairs_pillars,
          nicolae_vaults_border_crossing, layout_vaults_omnicross
Vaults:4: ontoclasm_vaults_loading_screen, hangedman_vaults_stream,
          nicolae_vaults_hallways_thing, vaults_room_stairs_pillars,
          ontoclasm_vaults_misaligned, hangedman_vaults_capsules,
          hangedman_vaults_nodes, dpeg_vaults_monster_row,
          ontoclasm_vaults_pinch, nicolae_vaults_specimen_jars,
          layout_vaults_ring
Vaults:5
Crypt:1:  cheibrodos_crypt_down_in_the_bonehoard, layout_misc_corridors,
          uniq_bai_suzhen
Depths:1: layout_long_grid, rand_demon_pan_entry_8, hangedman_decor_peaks_small,
          hell_entry, nzn_random_ring
Depths:2: gammafunk_jiyva_shrine, layout_gridlike, grunt_pan_entry_spiral,
          pf_hell_entry_tar_river, abyss_entry, hangedman_decor_lopped,
          infiniplex_staircase_split_hallway
Depths:3: minmay_heptahexagon, layout_cave_shapes, columned_hall_lemuel,
          hell_entry, abyss_entry, led_xom_imps, uniq_margery, uniq_sojobo,
          uniq_frederick, uniq_jory
Depths:4: grunt_zot_entry_funnels, layout_basic, enter_ziggurat_c,
          nicolae_figureground_sparkle, rand_demon_pan_entry_4, serial_shops,
          nicolae_shop_crystal, abyss_entry_glasseish, hell_entry,
          uniq_saint_roka
Zot:1:    layout_misc_corridors, zot_minivault_4

Skill      XL: |  1  2  3  4  5  6  7  8  9 10 11 12 13 14 15 16 17 18 19 20 21 22 23 24 25 |
---------------+----------------------------------------------------------------------------+-----
Short Blades   | 2 3 4 6 7 8 9 10 11 12 13 14 15 16 | 16.0
Fighting       | 3 4 5 6 7 8 9 10 11 12 13 14 15 16 | 16.0
Shields        | 3 4 5 6 7 8 9 10 13 15 16 17 18 19 21 22 | 22.2
Dodging        | 1 2 3 4 5 6 7 8 9 10 11 12 13 14 15 16 | 16.0
Armour         | 3 4 5 6 7 8 9 10 11 12 13 14 15 17 18 | 18.5
Invocations    | 4 6 8 10 12 13 14 15 16 | 16.0

Action                   |  1- 3 |  4- 6 |  7- 9 | 10-12 | 13-15 | 16-18 | 19-21 | 22-24 | 25-27 || total
-------------------------+-------+-------+-------+-------+-------+-------+-------+-------+-------++-------
Melee: Rapier            |    66 |    33 |       |       |       |       |       |       |       ||    99
       Bite              |    16 |    42 |   134 |   327 |   566 |   965 |   889 |  1013 |   208 ||  4160
       Unarmed           |     2 |       |       |       |       |       |       |       |       ||     2
       Dagger            |       |   103 |   423 |   525 |       |       |       |       |       ||  1051
       Quick blade       |       |       |       |   253 |  1490 |  1825 |  1718 |  1735 |   316 ||  7337
Throw: Dart              |       |       |       |       |     1 |       |       |       |       ||     1
Invok: Stomp             |       |       |       |     4 |     6 |     8 |    14 |    11 |     5 ||    48
       Line Pass         |       |       |       |     1 |       |       |     2 |       |       ||     3
       Grand Finale      |       |       |       |       |       |       |     1 |       |     2 ||     3
Evoke: Wand              |       |       |       |       |       |    17 |       |       |       ||    17
  Use: Scroll            |       |     4 |     5 |    14 |    13 |     2 |     5 |     7 |     2 ||    52
       Potion            |       |       |     1 |     3 |     3 |     1 |       |     5 |     1 ||    14
 Stab: Paralysed         |       |       |       |    45 |    88 |   124 |   132 |   125 |    24 ||   538
       Held in net/web   |       |       |       |       |     1 |       |       |       |       ||     1
       Distracted        |       |       |       |       |       |       |     1 |       |       ||     1
       Invisible         |       |       |       |       |       |       |       |     1 |       ||     1
Armor: Scale mail        |    27 |    48 |    66 |    65 |     2 |       |       |       |       ||   208
       Chain mail        |       |       |    44 |   145 |   234 |    97 |       |       |       ||   520
       Gold dragon scale |       |       |       |       |       |   281 |   314 |   253 |    80 ||   928
Dodge: Dodged            |    28 |    49 |   152 |   226 |   174 |   230 |   154 |   157 |    84 ||  1254
Block: Buckler           |    16 |    28 |   109 |   179 |   539 |   108 |       |       |       ||   979
       Reflection        |       |       |       |       |    23 |    69 |    88 |    45 |    24 ||   249
       Kite shield       |       |       |       |       |       |   809 |       |   297 |       ||  1106
       Tower shield      |       |       |       |       |       |   222 |  1345 |   667 |   326 ||  2560
       Other             |       |       |       |       |       |       |       |     2 |       ||     2

Table legend: (Time is in decaauts)
 A = Elapsed time spent in this place.
 B = Non-inter-level travel time spent in this place.
 C = Inter-level travel time spent in this place.
 D = Time resting spent in this place.
 E = Time spent auto-exploring this place.
 F = Levels seen in this place.
 G = Mean time per level.
                   A        B        C        D        E       F      G
               +--------+--------+--------+--------+--------+-----+--------+
         Total |  46309 |  41753 |   4556 |   2353 |  26810 |  52 |  890.6 |
       Dungeon |  14479 |  13014 |   1465 |    640 |   9291 |  15 |  965.3 |
        Temple |    432 |    432 |      0 |      0 |    372 |   1 |  432.0 |
          Lair |   5520 |   4667 |    853 |    103 |   3215 |   6 |  920.0 |
     Snake Pit |   4211 |   3584 |    627 |    111 |   2774 |   4 | 1052.8 |
   Spider Nest |   4511 |   4292 |    219 |    858 |   2055 |   4 | 1127.8 |
  Orcish Mines |   1360 |   1147 |    213 |      3 |    834 |   2 |  680.0 |
   Elven Halls |   3251 |   2951 |    300 |    111 |   1676 |   3 | 1083.7 |
        Vaults |   5673 |   5088 |    585 |      9 |   3423 |   5 | 1134.6 |
         Crypt |      1 |      1 |      0 |      0 |      0 |   1 |    1.0 |
        Depths |   4363 |   4075 |    288 |    230 |   2418 |   4 | 1090.8 |
           Zot |     41 |     41 |      0 |      0 |      1 |   1 |   41.0 |
        Bazaar |    107 |    107 |      0 |      0 |     95 |   1 |  107.0 |
         Sewer |    272 |    272 |      0 |      0 |    138 |   1 |  272.0 |
        Bailey |    668 |    668 |      0 |    152 |     71 |   1 |  668.0 |
      Ice Cave |    485 |    485 |      0 |      0 |    226 |   1 |  485.0 |
       Volcano |    230 |    230 |      0 |      0 |     79 |   1 |  230.0 |
      Gauntlet |    698 |    698 |      0 |    135 |    141 |   1 |  698.0 |
               +--------+--------+--------+--------+--------+-----+--------+

Top non-repeatable levels by time:
Spider:2: 1817 daAuts
     D:9: 1653 daAuts
    D:15: 1449 daAuts
 Snake:2: 1383 daAuts
Vaults:3: 1351 daAuts
  Lair:2: 1267 daAuts
Depths:4: 1258 daAuts
   Elf:3: 1226 daAuts
     D:8: 1205 daAuts
Spider:3: 1178 daAuts
Depths:3: 1162 daAuts
Vaults:2: 1156 daAuts
 Snake:4: 1117 daAuts
Vaults:5: 1102 daAuts
Spider:4: 1079 daAuts
